 Dungeon Crawl Stone Soup version 0.22.0-13-g43fe8f2 (webtiles) character file.

22 Amnesiac the Sneak (level 2, 0/22 HPs)
             Began as a Mummy Assassin on Aug 16, 2018.
             Slain by a hobgoblin
             ... wielding a +0 club
              (3 damage)
             ... on level 1 of the Dungeon.
             The game lasted 00:01:24 (403 turns).

Amnesiac the Sneak (Mummy Assassin)                  Turns: 403, Time: 00:01:25

Health: 0/22       AC:  3    Str: 14    XL:     2   Next: 68%
Magic:  2/2        EV: 11    Int: 10    God:
Gold:   14         SH:  0    Dex: 13    Spells: 1/1 levels left

rFire    x . .     SeeInvis .   b - +0 blowgun
rCold    + . .     Gourm    .   (no shield)
rNeg     + + +     Faith    .   c - +0 robe
rPois    ∞         Spirit   .   (no helmet)
rElec    .         Reflect  .   d - +0 cloak
rCorr    .         Harm     .   (no gloves)
MR       .....                  (no boots)
Stlth    ++........             (no amulet)
HPRegen  0.07/turn              (no ring)
MPRegen  0.08/turn              (no ring)

@: no status effects
A: no food or potions, fire vulnerability, cold resistance 1, negative energy
resistance 3, torment resistance, unbreathing
a: no special abilities


You were on level 1 of the Dungeon.
You were not hungry.

You visited 1 branch of the dungeon, and saw 1 of its levels.

You collected 14 gold pieces.

Inventory:

Hand Weapons
 a - a +2 dagger
 b - a +0 blowgun (weapon)
Missiles
 e - 23 poisoned needles (quivered)
 f - 2 curare-tipped needles
 i - 7 stones
Armour
 c - a +0 robe (worn)
 d - a +0 cloak (worn)
Scrolls
 g - a scroll of amnesia {!r, unknown}
 h - a scroll of remove curse {!r, unknown}


   Skills:
 - Level 2.0 Fighting
 - Level 2.0 Short Blades
 - Level 1.5 Throwing
 - Level 0.7 Dodging
 + Level 3.8 Stealth


You had one spell level left.
You didn't know any spells.
Your spell library was empty.

Dungeon Overview and Level Annotations

Branches:
Dungeon (1/15)

Altars:


Innate Abilities, Weirdness & Mutations

You do not eat or drink.
Your flesh is vulnerable to fire.
You are immune to poison.
Your flesh is cold resistant. (rC+)
You are immune to negative energy. (rN+++)
You are immune to unholy pain and torment.
You can survive without breathing.


Message History

Unknown command.
You closely miss the rat.
The rat is severely wounded.
The rat barely misses you.
You barely miss the rat.
The rat is severely wounded.
The rat closely misses you.
You closely miss the rat.
The rat is severely wounded.
The rat closely misses you.
You hit the rat.
You kill the rat!
You see here a stone.
You see here a stone.
You see here a stone.
Throwing (i - inventory)
i - 9 stones (quivered)
Press: ? - help, Shift-Dir - straight line, f - hobgoblin
Aim: a hobgoblin, wielding a club (hasn't noticed you)
You throw a stone. The hobgoblin shouts!
The stone hits the hobgoblin but does no damage.
Unknown command.
Throwing (i - inventory)
i - 8 stones (quivered)
Press: ? - help, Shift-Dir - straight line, f/p - hobgoblin
Aim: a hobgoblin, wielding a club You throw a stone.
The stone barely misses the hobgoblin.
Unknown command.
You barely miss the hobgoblin. The hobgoblin hits you with a club.
* * * LOW HITPOINT WARNING * * *
You closely miss the hobgoblin.
The hobgoblin hits you but does no damage.
b - a +0 blowgun (weapon)
Firing (i - inventory. (/) - cycle)
e - 28 poisoned needles (quivered)
Press: ? - help, Shift-Dir - straight line, f/p - hobgoblin
Aim: a hobgoblin, wielding a club You shoot a poisoned needle.
The poisoned needle hits the hobgoblin.
The hobgoblin barely misses you.
You see here a stone.
You see here a stone.
Firing (i - inventory. (/) - cycle)
e - 27 poisoned needles (quivered)
Press: ? - help, Shift-Dir - straight line, f/p - hobgoblin
Aim: a hobgoblin, wielding a club You shoot a poisoned needle.
The poisoned needle barely misses the hobgoblin.
The hobgoblin barely misses you.
Firing (i - inventory. (/) - cycle)
e - 26 poisoned needles (quivered)
Press: ? - help, Shift-Dir - straight line, f/p - hobgoblin
Aim: a hobgoblin, wielding a club You shoot a poisoned needle.
The poisoned needle closely misses the hobgoblin.
The hobgoblin hits you with a club.
* * * LOW HITPOINT WARNING * * *
Firing (i - inventory. (/) - cycle)
e - 25 poisoned needles (quivered)
Press: ? - help, Shift-Dir - straight line, f/p - hobgoblin
Aim: a hobgoblin, wielding a club You shoot a poisoned needle.
The poisoned needle closely misses the hobgoblin.
The hobgoblin closely misses you.
Firing (i - inventory. (/) - cycle)
e - 24 poisoned needles (quivered)
Press: ? - help, Shift-Dir - straight line, f/p - hobgoblin
Aim: a hobgoblin, wielding a club You shoot a poisoned needle.
The poisoned needle hits the hobgoblin.
The hobgoblin is poisoned.
The hobgoblin hits you with a club.
You die...

.# .###### ....... ......#
#### ......# #?. ......#
#.# ......# #@#
......###### #g#
...........#####s####
.####...............#
...............(.##.#
#.............((..#.#
#.....##.....(..#.#†#
#.....##.....(....#)#
#.....##..†.....###.######


You could see a giant cockroach and a hobgoblin.

Vanquished Creatures
  A giant cockroach (D:1)
  4 goblins (D:1)
  3 hobgoblins (D:1)
  A ball python (D:1)
  4 bats (D:1)
  3 frilled lizards (D:1)
  A kobold (D:1)
  5 rats (D:1)
22 creatures vanquished.

Notes
Turn   | Place    | Note
-------+----------+-------------------------------------------
     0 | D:1      | Amnesiac the Mummy Assassin began the quest for the Orb.
     0 | D:1      | Reached XP level 1. HP: 16/16 MP: 1/1
   131 | D:1      | Reached XP level 2. HP: 18/22 MP: 2/2
   403 | D:1      | Slain by a hobgoblin

Skill      XL: |  1 |
---------------+----+-----
Short Blades   | 2 |  2.0
Fighting       | |  2.0
Throwing       | |  1.5
Dodging        | |  0.7
Stealth        | |  3.8

Action                   || total
-------------------------++-------
Melee: Dagger            ||    83
 Fire: Blowgun           ||     5
Throw: Stone             ||     6
 Stab: Sleeping          ||     5
Armor: Robe              ||    29
Dodge: Dodged            ||    68
